Map: Temple of the Past

Players

IIIIIIIIIIII

  • Race: Zerg Zerg
  • League: Diamond
  • Spawn Location: 0:00

ILIEKEGGPIE

  • Race: Protoss Protoss
  • League: Platinum
  • Spawn Location: 0:00

VOD

Have the link to the VOD?

Description

Time

  • Played on: June 5, 2018, 9:56 p.m.
  • Length: 26:29
Show
View Real Time Build Order
Export as new Build Order

IIIIIIIIIIII Zerg 

Build Orders:  

Get SALT Encoding   

  6  0:09  Drone x2  
  7  0:28  Drone x4  
  9  0:47  Overlord  
  9  1:01  Drone x4  
  11  1:13  Drone x2  
  11  1:14  Drone x2  
  11  1:18  Drone x2  
  14  1:42  Spawning Pool  
  13  1:54  Overlord, Extractor  
  13  1:56  Drone x2, Extractor  
  13  2:14  Queen  
  13  2:16  Swarmling x6  
  18  2:26  Swarmling x6  
  21  2:34  Drone x2  
  22  2:43  Baneling Nest  
  22  2:44  Centrifical Hooks  
  22  3:09  Hatchery  
  21  3:24  Metabolic Boost  
  21  3:44  Drone x2  
  24  3:53  Evolution Chamber  
  24  3:54  Evolution Chamber  
  23  4:17  Drone x2  
  23  4:18  Drone x8  
  30  4:40  Heroic Fortitude  
  30  4:47  Lair  
  32  4:57  Drone x4  
  32  4:58  Drone x2  
  35  5:05  Extractor x2  
  36  5:25  Zerg Ground Armor Level 1  
  36  5:48  Overlord x3  
  36  5:50  Overlord  
  36  5:51  Overlord x2  
  36  6:13  Drone x2, Queen  
  36  6:14  Drone x8  
  45  6:22  Medusa Blades  
  45  6:33  Hive  
  47  6:51  Corrosive Acid  
  47  6:52  Hardened Carapace  
  49  7:50  Pneumatized Carapace  
  49  7:52  Overlord x3, Adrenal Overload  
  49  7:53  Overlord  
  49  7:55  Overlord  
  49  8:02  Zerg Melee Weapons Level 1  
  51  8:21  Rupture  
  51  8:22  Ventral Sacs  
  51  8:39  Zerg Ground Armor Level 2  
  47  8:52  Shredding Claws  
  47  8:53  Swarmling x3  
  47  8:54  Swarmling x48  
  61  9:36  Overseer x3  
  61  9:37  Overseer x2  
  61  9:39  Swarmling x9  
  67  9:40  Swarmling x3  
  65  10:08  Queen  
  66  10:39  Swarmling x9  
  74  10:40  Swarmling x6  
  74  10:44  Zerg Melee Weapons Level 2  
  74  11:09  Drone x2  
  73  12:04  Zerg Ground Armor Level 3  
  69  12:12  Scourge Nest  
  69  12:17  Spore Crawler  
  69  12:38  Swarmling x3  
  69  12:39  Swarmling x33  
  77  13:12  Scourge x2  
  77  13:13  Scourge x18  
  77  13:14  Scourge x14  
  96  13:29  Roach x6  
  96  13:30  Roach x12  
  96  13:31  Roach x2  
  98  14:24  Zerg Melee Weapons Level 3  
  98  14:26  Simplified Genome  
  98  14:29  Drone x2  
  87  15:00  Drone x2  
  87  15:05  Swarmling x18  
  87  15:06  Swarmling x9  
  99  15:26  Virulent Spores  
  97  15:56  Scourge x4  
  99  16:09  Hatchery x3  
  95  16:10  Hatchery  
  95  16:26  Zerg Flyer Weapons Level 1  
  91  17:30  Swarmling x3, Scourge x2  
  91  17:31  Scourge x10  
  96  19:08  Swarmling x18  
  96  19:09  Swarmling x24, Scourge x10  
  116  19:10  Scourge x20  
  59  19:11  Swarmling x18, Scourge x2  
  59  19:12  Swarmling x21, Scourge x14  
  98  19:20  Swarmling x3  
  96  19:43  Swarmling x3  
  96  19:44  Swarmling x30  
  97  20:12  Scourge x2  
  97  20:13  Scourge x2  
  96  20:29  Drone x4  
  98  20:30  Drone x2  
  95  21:17  Spore Crawler  
  95  21:18  Spore Crawler  
  95  21:19  Spore Crawler  
  93  21:22  Spore Crawler  
  93  21:23  Spine Crawler  
  93  21:24  Spore Crawler, Spine Crawler  
  93  21:27  Spine Crawler x3  
  93  21:28  Spine Crawler x2  
  93  21:29  Spine Crawler  
  88  21:31  Spine Crawler  
  87  21:57  Drone x6  
  87  21:58  Drone x2  
  91  22:00  Drone x2  
  91  22:01  Drone x2  
  93  22:17  Scourge x2  
  93  22:18  Scourge x8  
  85  23:24  Scourge x8  
  60  24:06  Swarmling x3  
  60  24:07  Swarmling x51  
  60  24:08  Swarmling x60  
  95  24:10  Roach x4  
  95  24:11  Roach x14  
  95  24:12  Roach x2  
  94  24:25  Spore Crawler  
  94  24:28  Spore Crawler  
  94  24:29  Spore Crawler  
  73  24:31  Spore Crawler  
  73  24:32  Spore Crawler x4  
  73  24:35  Spine Crawler  
  73  24:36  Spine Crawler  
  73  24:38  Spine Crawler  
  73  24:39  Spine Crawler  
  33  24:45  Scourge x2  
  33  24:46  Scourge x22  
  40  24:51  Drone x4  
  40  24:52  Drone x10  
  40  24:53  Drone x2  
  40  24:55  Swarmling x3  
  40  24:56  Swarmling x15, Scourge x6  
  40  24:57  Swarmling x3, Scourge x10  
  40  24:58  Swarmling x6, Scourge x8  
  40  24:59  Swarmling x9  
  63  26:10  Spore Crawler  
  63  26:12  Spore Crawler x2  
  63  26:13  Spore Crawler  
Show
View Real Time Build Order
Export as new Build Order

ILIEKEGGPIE Protoss 

Build Orders:  

Get SALT Encoding   

  12  0:03  Probe (Chrono Boost)  
  13  0:17  Probe (Chrono Boost)  
  14  0:25  Pylon  
  14  0:32  Probe (Chrono Boost)  
  15  0:50  Probe (Chrono Boost)  
  15  0:53  Gateway  
  16  1:04  Probe (Chrono Boost)  
  16  1:08  Assimilator  
  17  1:18  Probe (Chrono Boost)  
  18  1:21  Assimilator  
  18  1:32  Probe (Chrono Boost)  
  19  1:45  Probe (Chrono Boost)  
  20  1:57  Pylon  
  20  2:00  Zealot  
  20  2:02  Cybernetics Core  
  22  2:16  Probe (Chrono Boost)  
  23  2:33  Gateway  
  23  2:38  Zealot  
  25  2:56  Twilight Council  
  25  3:02  Forge  
  25  3:11  Warp Gate  
  25  3:24  Stalker  
  27  3:30  Protoss Ground Weapons Level 1  
  27  3:37  Gateway  
  27  3:39  Stalker  
  29  4:07  Pylon  
  29  4:23  Charge  
  29  4:59  Nexus  
  29  5:01  Pylon  
  29  5:05  Stalker x2  
  33  5:24  Probe (Chrono Boost)  
  34  5:35  Gateway  
  34  5:37  Assimilator  
  34  5:38  Probe (Chrono Boost)  
  35  5:52  Probe (Chrono Boost)  
  35  5:53  Blink  
  35  5:58  Zealot x2  
  40  6:07  Zealot  
  42  6:35  Dark Pylon  
  42  6:51  Stalker  
  42  6:52  Stalker  
  42  6:53  Stalker x2  
  40  7:30  Stalker x4  
  40  7:33  Probe (Chrono Boost)  
  40  7:39  Assimilator  
  49  7:49  Probe x2 (Chrono Boost)  
  51  8:03  Probe (Chrono Boost)  
  52  8:27  Probe x2 (Chrono Boost)  
  54  8:35  Pylon  
  54  8:39  Pylon  
  54  8:41  Probe x2 (Chrono Boost)  
  56  8:55  Probe x2 (Chrono Boost)  
  58  9:08  Probe (Chrono Boost)  
  58  9:09  Probe (Chrono Boost)  
  60  9:13  Stalker  
  60  9:17  Dark Shrine  
  62  9:22  Probe (Chrono Boost)  
  62  9:23  Probe (Chrono Boost)  
  62  9:24  Forge  
  64  9:37  Gateway  
  64  9:39  Gateway  
  64  9:40  Stalker, Gateway  
  64  9:44  Gateway  
  64  9:46  Zealot  
  68  10:04  Protoss Ground Weapons Level 2  
  66  10:10  Stalker x2, Protoss Ground Armor Level 1  
  66  10:25  Dark Templar x2  
  66  10:28  Probe (Chrono Boost)  
  66  10:29  Probe (Chrono Boost)  
  70  10:50  Pylon  
  68  11:05  Stalker  
  68  11:06  Stalker  
  67  11:24  Stalker x3  
  67  11:25  Stalker x3  
  77  11:42  Probe (Chrono Boost)  
  78  11:57  Stalker x3  
  78  11:58  Stalker x2  
  78  11:59  Probe (Chrono Boost)  
  73  12:25  Stalker x3  
  73  12:40  Stalker x2  
  73  12:41  Stalker x3  
  75  13:04  Dark Pylon  
  75  13:09  Stalker  
  75  13:11  Zealot x2  
  75  13:14  Dark Templar x4  
  75  13:15  Dark Templar  
  85  14:18  Gateway x2  
  85  14:19  Gateway  
  85  14:21  Pylon  
  85  14:24  Pylon x2  
  85  14:27  Pylon  
  85  14:35  Pylon x2  
  85  14:37  Pylon  
  85  14:38  Pylon  
  85  14:43  Pylon  
  85  14:47  Shadow Fury  
  85  14:49  Protoss Ground Weapons Level 3  
  85  14:54  Protoss Ground Armor Level 2  
  85  15:13  Stalker x2  
  85  15:14  Stalker x3  
  85  15:15  Stalker x3  
  101  15:41  Stargate  
  101  15:49  Dark Pylon  
  47  16:20  Stalker  
  47  16:21  Stalker x6  
  47  16:22  Stalker  
  57  17:14  Stalker  
  57  17:15  Stalker  
  57  17:16  Stalker x4  
  57  17:17  Stalker x4  
  69  18:28  Dark Templar x3  
  69  18:29  Dark Templar x4  
  81  18:30  Dark Templar  
  81  18:31  Dark Templar  
  81  18:32  Dark Templar x2  
  87  19:13  Dark Pylon  
  43  19:44  Stalker  
  43  19:45  Stalker x4  
  43  19:46  Stalker x3  
  43  19:47  Stalker x3  
  63  20:34  Cybernetics Core  
  63  20:42  Cybernetics Core  
  63  20:45  Void Ray  
  59  21:22  Pylon  
  59  21:27  Pylon  
  59  21:30  Pylon  
  59  21:33  Stalker  
  59  21:34  Zealot x4  
  69  21:53  Protoss Ground Armor Level 3  
  69  21:54  Protoss Shields Level 1  
  69  21:59  Stargate  
  69  22:06  Stargate  
  69  22:22  Protoss Air Weapons Level 1  
  69  22:27  Void Ray  
  73  22:51  Zealot  
  73  22:52  Zealot x3  
  73  22:53  Zealot x4  
  73  22:54  Zealot x3  
  93  23:34  Void Ray x2  
  93  23:40  Void Ray  
  93  23:42  Stalker  
  93  23:43  Stalker x3  
  93  23:44  Stalker x4  
  93  23:45  Stalker x3  
  121  24:31  Stalker x7  
  121  24:32  Stalker x4  
  107  25:18  Stalker x4  
  107  25:19  Stalker x2  
  41  26:03  Stalker x2  
  41  26:04  Stalker x2  
  41  26:05  Stalker x4  
  41  26:06  Stalker x2  
Tags
 
Add a new tag
Caveats
  • Supply blocks, unpowered buildings, or Contaminate may cause inaccurate times.
  • Supply counts are checked every 10 seconds.